 Dungeon Crawl Stone Soup version 0.21-a0-142-gdd972a7 (webtiles) character file.

485 avizandum the Magician (level 6, 0/48 HPs)
             Began as a Mummy Wizard on July 22, 2017.
             Killed from afar by Ijyb (21 damage)
             ... with a wand of flame (?/48)
             ... on level 5 of the Dungeon.
             The game lasted 00:17:50 (8267 turns).

avizandum the Magician (Mummy Wizard)               Turns: 8267, Time: 00:17:51

Health: 0/48       AC:  2    Str: 10    XL:     6   Next: 88%
Magic:  4/15       EV: 12    Int: 20    God:
Gold:   182        SH:  0    Dex: 10    Spells: 4/17 levels left

rFire    x . .     SeeInvis .   u - +0 falchion (slice)
rCold    + . .     Gourm    .   (no shield)
rNeg     + + +     Faith    .   a - +0 robe
rPois    ∞         Spirit   .   b - +0 hat
rElec    .         Reflect  .   (no cloak)
rCorr    .         Harm     .   (no gloves)
MR       .....                  (no boots)
Stlth    ++........             (no amulet)
HPRegen  0.16/turn              m - ring of wizardry
MPRegen  0.14/turn              s - ring of flight

@: no status effects
A: no food or potions, fire vulnerability, cold resistance 1, negative energy
resistance 3, torment resistance, unbreathing
a: Evoke Flight


You were on level 5 of the Dungeon.
You were not hungry.

You visited 1 branch of the dungeon, and saw 5 of its levels.
You also visited: Sewer.

You collected 182 gold pieces.

Inventory:

Hand Weapons
 d - a +0 hand axe
 o - a +0 blowgun
 u - a +0 falchion of slicing (weapon)
 y - a +1 vampiric dagger
Missiles
 p - 14 poisoned needles
 r - 4 curare-tipped needles
Armour
 a - a +0 robe (worn)
 b - a +0 hat (worn)
 l - a +0 buckler
 w - a +2 ring mail of fire resistance
Jewellery
 m - a ring of wizardry (left hand)
 s - a ring of flight (right hand)
Wands
 g - a wand of enslavement (6/24)
Scrolls
 e - 2 scrolls of random uselessness
 f - a scroll of recharging
 h - a scroll of magic mapping
 i - 3 scrolls of teleportation
 j - 4 scrolls of remove curse
 k - 2 scrolls of fog
 n - a scroll of enchant weapon {unknown}
 q - 2 scrolls of identify
 t - a scroll of immolation {unknown}
 v - a scroll of noise {unknown}
Potions
 x - 4 potions of curing
 z - 6 potions of heal wounds {unknown}
 A - 2 potions of agility {unknown}
 B - 2 potions of might {unknown}
Books
 c - a book of Minor Magic

   Spells                             Type                      Level
   a - Magic Dart                     Conjuration                  1
   b - Blink                          Translocation                2
   c - Call Imp                       Summoning                    2
   d - Slow                           Hexes                        2
   e - Conjure Flame                  Conjuration/Fire             3
   f - Mephitic Cloud                 Conjuration/Poison/Air       3


   Skills:
 + Level 3.9 Fighting
 - Level 1.5 Dodging
 - Level 1.5 Stealth
 + Level 6.0 Spellcasting
 - Level 0.7 Conjurations
 - Level 3.8 Summonings
 - Level 0.7 Translocations


You had 4 spell levels left.
You knew the following spells:

 Your Spells              Type           Power        Failure   Level  Hunger
a - Magic Dart            Conj           #...         3%          1    N/A
b - Blink                 Tloc           N/A          4%          2    N/A
c - Call Imp              Summ           ###.....     1%          2    N/A
d - Slow                  Hex            #.......     6%          2    N/A
e - Conjure Flame         Conj/Fire      #.......     11%         3    N/A
f - Mephitic Cloud        Conj/Pois/Air  #.......     12%         3    N/A

Dungeon Overview and Level Annotations

Branches:
Dungeon (5/15)
 Temple: D:4-7

Altars:
Sif Muna

Annotations:
D:5 Ijyb


Innate Abilities, Weirdness & Mutations

You do not eat or drink.
Your flesh is vulnerable to fire.
You are immune to poison.
Your flesh is cold resistant. (rC+)
You are immune to negative energy. (rN+++)
You are immune to unholy pain and torment.
You can survive without breathing.


Message History

Your crimson imp closely misses Ijyb.
Your shadow imp closely misses Ijyb.
Your shadow imp disappears in a puff of smoke!
Ijyb zaps a wand.
The puff of flame hits you! The fire burns you terribly!
Your crimson imp hits Ijyb but does no damage.
Your crimson imp barely misses Ijyb.
Okay, then.
Unknown command.
Unknown command.
Unknown command.
Unknown command.
There isn't anything here!
Casting: Call Imp
Confirm with . or Enter, or press ? or * to list all spells.
Okay, then.
Unknown command.
Casting: Call Imp
Confirm with . or Enter, or press ? or * to list all spells.
A beastly little devil appears in a puff of flame.
Ijyb zaps a wand.
The puff of flame hits you! The fire burns you terribly!
You die...

#....# .....##
......# ...>...
....... ###
###.......
####.###.5...5...
##......5...g5....
#........@.§.5....
#^................
###......####.....
##.......# .....
#........# ....
#....<...# ...
#........# #..
#.......##
#.......#


You could see Ijyb, a crimson imp, 3 friendly crimson imps and a friendly white
imp.

Vanquished Creatures
  The ghost of Gruesome the Insei, an amateur OpTm (Sewer)
  A centaur skeleton (D:3)
  A hound (D:4)
  An iguana (D:4)
  A worker ant (D:4)
  2 adders
  3 oozes
  A worm (D:2)
  2 dart slugs
  5 leopard geckos
  5 orcs
  5 giant cockroaches
  6 goblins
  6 hobgoblins
  10 kobolds
  A quokka (D:3)
  5 ball pythons
  10 bats
  4 frilled lizards
  8 rats
78 creatures vanquished.

Vanquished Creatures (collateral kills)
  An ogre (D:4)
  A big kobold (Sewer)
  A bullfrog (D:3)
  A wyvern skeleton (D:4)
  A hound (D:4)
  An iguana (D:4)
  3 adders
  2 worms
  3 dart slugs
  A leopard gecko (D:2)
  2 giant cockroaches
  2 hobgoblins
  12 kobolds
  2 ball pythons
  A bat (Sewer)
  A frilled lizard (Sewer)
  2 rats
37 creatures vanquished.

Grand Total: 115 creatures vanquished

Notes
Turn   | Place    | Note
-------+----------+-------------------------------------------
     0 | D:1      | avizandum the Mummy Wizard began the quest for the Orb.
     0 | D:1      | Reached XP level 1. HP: 13/13 MP: 5/5
   734 | D:1      | Reached XP level 2. HP: 19/19 MP: 3/7
  1110 | D:1      | Reached skill level 5 in Spellcasting
  1552 | D:1      | Reached XP level 3. HP: 20/24 MP: 0/9
  1735 | D:1      | Learned a level 2 spell: Blink
  1738 | D:1      | Learned a level 2 spell: Call Imp
  1741 | D:1      | Learned a level 2 spell: Slow
  1745 | D:1      | Learned a level 3 spell: Conjure Flame
  2345 | D:1      | Reached skill level 1 in Summonings
  3975 | D:2      | Found a deep blue altar of Sif Muna.
  4185 | D:2      | Reached XP level 4. HP: 30/30 MP: 8/11
  4937 | D:3      | Noticed a bullfrog
  4942 | D:3      | Killed a bullfrog
  4942 | D:3      | Reached skill level 1 in Fighting
  5259 | D:3      | Reached XP level 5. HP: 25/38 MP: 0/13
  6449 | D:4      | Found a glowing drain.
  6490 | Sewer    | Entered a sewer
  6542 | Sewer    | Noticed Gruesome's ghost (amateur OpTm)
  6562 | Sewer    | Killed Gruesome's ghost
  6562 | Sewer    | Reached XP level 6. HP: 30/47 MP: 0/14
  7874 | D:4      | Reached skill level 6 in Spellcasting
  8046 | D:4      | Learned a level 3 spell: Mephitic Cloud
  8251 | D:5      | Entered Level 5 of the Dungeon
  8258 | D:5      | Noticed Ijyb
  8267 | D:5      | Killed from afar by Ijyb

Vault maps used:
D:1:      nicolae_arrival_memento_mori
D:2:      led_sif_pool
D:3:      kb_forest_paths, first_bread, serial_glass, glass_columns_a,
          glass_columns_a, minmay_strange_pillars, minmay_strange_pillars,
          st_stairs_8
D:4:      portal_sewer_entry_b
D:5:      minmay_temple_entry_hall, uniq_pikel, uniq_ijyb
Sewer:    kennysheep_pipe_town

Skill      XL: |  1  2  3  4  5  6 |
---------------+-------------------+-----
Spellcasting   | 5 6 |  6.0
Summonings     | 1 2 3 |  3.8
Fighting       | 1 3 |  3.9
Dodging        | |  1.5
Stealth        | |  1.5
Conjurations   | |  0.7
Translocations | |  0.7

Action                   |  1- 3 |  4- 6 || total
-------------------------+-------+-------++-------
Melee: Hand axe          |    18 |     5 ||    23
       Falchion          |       |    20 ||    20
 Fire: Blowgun           |       |     1 ||     1
 Cast: Magic Dart        |    95 |   114 ||   209
       Call Imp          |    24 |    66 ||    90
       Blink             |     4 |     1 ||     5
       Conjure Flame     |     1 |       ||     1
 Abil: Evoke Flight      |       |     3 ||     3
  Use: Scroll            |     4 |     3 ||     7
 Stab: Distracted        |     1 |       ||     1
Armor: Robe              |    16 |    15 ||    31
Dodge: Dodged            |    41 |    89 ||   130
       Rpst.: Falchion   |       |    19 ||    19
